 Dungeon Sprint DCSS version 0.20.1-1-g8b1a95d (webtiles) character file.

9069 wojtek the Bludgeoner (level 11, 0/107 HPs)
             Began as a Minotaur Fighter on Dec 29, 2017.
             Was the Champion of Makhleb.
             Slain by Sonja
             ... wielding a +1 dagger of distortion
              (16 damage)
             ... in the Dungeon (Sprint I: "Red Sonja").
             The game lasted 00:07:33 (1985 turns).

wojtek the Bludgeoner (Minotaur Fighter)            Turns: 1985, Time: 00:07:33

Health: 0/107      AC: 16    Str: 25    XL:     11   Next: 18%
Magic:  18/18      EV: 12    Int:  1    God:    Makhleb [******]
Gold:   335        SH: 12    Dex:  9    Spells: 10/10 levels left

rFire    . . .     SeeInvis .   a - +0 flail
rCold    + . .     Gourm    .   r - +2 shield
rNeg     . . .     Faith    .   v - +4 chain mail of Ennui {rC+ MR++ rCorr Int-4}
rPois    .         Spirit   .   (helmet restricted)
rElec    .         Reflect  .   (no cloak)
rCorr    +         Harm     .   (no gloves)
MR       ++...     NoTele   +   (no boots)
Stlth    ..........             (no amulet)
Regen    0.3/turn               (no ring)
MPRegen  0.2/turn               (no ring)

@: slowed, very slow
A: retaliatory headbutt, horns 2
a: Minor Destruction, Lesser Servant of Makhleb, Major Destruction, Greater
Servant of Makhleb, Renounce Religion


You were in the Dungeon.
You worshipped Makhleb.
Makhleb was exalted by your worship.
You were not hungry.

You visited 1 branch You collected 864 gold pieces.
You spent 529 gold pieces at shops.

Inventory:

Hand Weapons
 a - a +0 flail (weapon)
 u - the +4 trident "Fish" {protect, -Tele rElec rC+ MP+9, unknown}
   (You found it in the Dungeon)

   It protects the one who uses it against injury (+AC on strike).
   It protects you from cold.
   It insulates you from electricity.
   It affects your magic capacity (+9).
   It prevents most forms of teleportation.
Armour
 b - a +0 scale mail
 m - a +3 ring mail of fire resistance
 r - a +2 shield (worn)
 v - the +4 chain mail of Ennui (worn) {rC+ MR++ rCorr Int-4}
   (You bought it in a shop in the Dungeon)

   It affects your intelligence (-4).
   It protects you from cold.
   It affects your resistance to hostile enchantments.
   It protects you from acid and corrosion.
Jewellery
 o - an uncursed ring of fire
Wands
 l - a wand of random effects (16/48)
 p - a wand of enslavement (10/24)
Scrolls
 c - a scroll of enchant armour {unknown}
 g - a scroll of magic mapping {unknown}
 k - 2 scrolls of blinking
 n - 3 scrolls of identify {unknown}
 q - a scroll of fog {unknown}
 s - a scroll of remove curse {unknown}
Potions
 d - a potion of might
 h - a potion of haste
 i - 2 potions of magic
 j - a potion of berserk rage
Comestibles
 f - a bread ration
 t - a meat ration
 w - 18 chunks of flesh


   Skills:
 + Level 13.4 Fighting
 * Level 17.8 Maces & Flails
 + Level 13.4 Armour
 + Level 12.1 Dodging
 + Level 4.8 Shields
 - Level 11.8 Invocations


You had 10 spell levels left.
You didn't know any spells.

Dungeon Overview and Level Annotations

Branches:
Dungeon (1/1)

Altars:
Cheibriados
Dithmenos
Elyvilon
Fedhas
Gozag
Hepliaklqana
Kikubaaqudgha
Makhleb
Nemelex Xobeh
Okawaru
Qazlal
Ru
Sif Muna
Trog
Uskayaw
Vehumet
Xom
Yredelemnul
Zin
The Shining One
Jiyva
Lugonu

Shops:
D ?=(}%(*}%:}=(![%

Annotations:
D Sonja


Innate Abilities, Weirdness & Mutations

You reflexively headbutt those who attack you in melee.
You have a pair of horns on your head.


Message History

Sonja hits you but does no damage. You block Sonja's attack.
Sonja hits you but does no damage. Space bends around you.
Sonja hits you but does no damage. x2; Space bends around you.
Sonja hits you but does no damage. Space warps horribly around you!
You closely miss Sonja. Your headbutt misses Sonja.
Sonja is moderately wounded.
You feel sick. Sonja barely misses you. You block Sonja's attack.
Sonja hits you but does no damage. Space warps horribly around you!
* * * LOW HITPOINT WARNING * * *
You feel better. Sonja closely misses you. You furiously retaliate!
You headbutt Sonja! Sonja hits you but does no damage. x3
Space warps horribly around you!
* * * LOW HITPOINT WARNING * * *
You block Sonja's attack. x2
You thump Sonja!
Sonja is severely wounded.
Sonja says, "I'm academy-trained, you know."
You block Sonja's attack. Sonja hits you but does no damage.
Space warps horribly around you!
You die...

#..#####'#####)#__####...'§§#§
#..####..#...#[####§.#####§§'.
#..#__####..##§#≈≈§§§#..##+###
#..#_____##'#§.'§≈≈§§§..#
#⌠⌠#_.∩...'..._#§≈≈..#..#
####_..__##_.#'##§#####'###
#_____###+#.#...[###.'.#
#########.####'###[###.#
+$.@((....'.∩##.#
#$K$###########§#
##.###.....§.##§# #+
#.....§.§..# #+..######§#
#.†....§§#§# ######.....§.#'.#
#..†........≈####
#.)(.......≈≈#


You could see Sonja.

Vanquished Creatures
  2 centaur warriors (D)
  A deep troll (D)
  2 unseen horrors (D)
  A lindwurm (D)
  An oklob plant (D)
  4 demonic crawlers (D)
  2 kobold demonologists (D)
  A hornet (D)
  A slime creature (D)
  Sigmund (D)
  2 redbacks (D)
  A yak (D)
  13 hogs (D)
  2 floating eyes (D)
  7 necrophages (D)
  An ogre (D)
  8 jellies (D)
  Ijyb (D)
51 creatures vanquished.

Vanquished Creatures (others)
  2 hornets (D)
2 creatures vanquished.

Grand Total: 53 creatures vanquished

Notes
Turn   | Place    | Note
-------+----------+-------------------------------------------
     0 | D        | wojtek the Minotaur Fighter began the quest for the Orb.
     0 | D        | Reached XP level 1. HP: 19/19 MP: 0/0
     1 | D        | Noticed Ijyb
    24 | D        | Killed Ijyb
    24 | D        | Reached skill level 4 in Maces & Flails
    24 | D        | Reached XP level 2. HP: 14/28 MP: 1/1
   174 | D        | Noticed an ogre
   177 | D        | Killed an ogre
   177 | D        | Reached skill level 7 in Maces & Flails
   177 | D        | Reached XP level 3. HP: 37/37 MP: 2/2
   177 | D        | Reached XP level 4. HP: 44/44 MP: 3/3
   187 | D        | Noticed Sigmund
   195 | D        | Killed Sigmund
   195 | D        | Reached skill level 9 in Maces & Flails
   195 | D        | Reached skill level 5 in Dodging
   195 | D        | Reached XP level 5. HP: 52/52 MP: 4/4
   208 | D        | Found a burning altar of Makhleb.
   208 | D        | Found a viscous altar of Jiyva.
   208 | D        | Found a shimmering altar of Xom.
   208 | D        | Found a corrupted altar of Lugonu.
   208 | D        | Noticed a slime creature
   216 | D        | Killed a slime creature
   216 | D        | Reached skill level 11 in Maces & Flails
   216 | D        | Reached XP level 6. HP: 53/62 MP: 5/5
   219 | D        | Became a worshipper of Makhleb the Destroyer
   259 | D        | Found a deep blue altar of Sif Muna.
   261 | D        | Found a radiant altar of Vehumet.
   329 | D        | Found Aguzer's Magic Scroll Emporium.
   329 | D        | Found an ancient bone altar of Kikubaaqudgha.
   329 | D        | Found a hazy altar of Hepliaklqana.
   329 | D        | Found a hide-covered altar of Uskayaw.
   329 | D        | Found a basalt altar of Yredelemnul.
   329 | D        | Found an opulent altar of Gozag.
   329 | D        | Found a snail-covered altar of Cheibriados.
   329 | D        | Found a sacrificial altar of Ru.
   329 | D        | Found a shadowy altar of Dithmenos.
   329 | D        | Noticed a yak
   335 | D        | Killed a yak
   335 | D        | Reached XP level 7. HP: 70/70 MP: 6/6
   336 | D        | Found a stormy altar of Qazlal.
   336 | D        | Found a blossoming altar of Fedhas.
   336 | D        | Found a bloodstained altar of Trog.
   336 | D        | Found an iron altar of Okawaru.
   336 | D        | Found a glowing golden altar of the Shining One.
   336 | D        | Found a glowing silver altar of Zin.
   336 | D        | Found a white marble altar of Elyvilon.
   337 | D        | Found a sparkling altar of Nemelex Xobeh.
   354 | D        | Noticed a centaur warrior
   354 | D        | Noticed a centaur warrior
   367 | D        | Killed a centaur warrior
   367 | D        | Reached * piety under Makhleb
   367 | D        | Reached skill level 10 in Fighting
   367 | D        | Reached skill level 13 in Maces & Flails
   367 | D        | Reached skill level 10 in Armour
   367 | D        | Reached skill level 5 in Invocations
   367 | D        | Reached XP level 8. HP: 18/79 MP: 6/10
   374 | D        | Killed a centaur warrior
   610 | D        | Noticed a hornet
   615 | D        | Paralysed by a hornet for 2 turns
   619 | D        | Killed a hornet
   619 | D        | Reached skill level 14 in Maces & Flails
   619 | D        | Reached XP level 9. HP: 66/86 MP: 13/13
   700 | D        | Noticed a deep troll
   709 | D        | Killed a deep troll
   709 | D        | Reached ** piety under Makhleb
   721 | D        | Found Bokk's Armour Emporium.
   991 | D        | Noticed an oklob plant
  1004 | D        | Killed an oklob plant
  1004 | D        | Reached skill level 10 in Dodging
  1190 | D        | Reached skill level 15 in Maces & Flails
  1388 | D        | Reached *** piety under Makhleb
  1418 | D        | Killed an unseen horror
  1418 | D        | Reached **** piety under Makhleb
  1418 | D        | Reached XP level 10. HP: 72/97 MP: 14/16
  1467 | D        | Reached ***** piety under Makhleb
  1473 | D        | Reached skill level 10 in Invocations
  1483 | D        | Killed an unseen horror
  1483 | D        | Reached skill level 16 in Maces & Flails
  1558 | D        | Got a transparent trident
  1562 | D        | Found Ugryn's Antique Weapon Shoppe.
  1562 | D        | Found Zafaoq's Jewellery Shop.
  1562 | D        | Found Otojuivu's Gadget Boutique.
  1564 | D        | Found Tuppyequq's Food Emporium.
  1564 | D        | Found Litaonuth's Weapon Shop.
  1564 | D        | Found Ebaored's Assorted Antiques.
  1564 | D        | Found Pilor's Gadget Boutique.
  1564 | D        | Found Xuneto's Food Emporium.
  1564 | D        | Found Hasecuy's Book Shop.
  1564 | D        | Found Gufeush's Gadget Shoppe.
  1568 | D        | Found Vonkiu's Jewellery Boutique.
  1569 | D        | Found Baowuch's Distillery.
  1569 | D        | Found Bicoluin's Weapon Boutique.
  1570 | D        | Found Enilox's Food Emporium.
  1612 | D        | Bought the +4 chain mail of Ennui {rC+ MR++ rCorr Int-4} for 529 gold pieces
  1691 | D        | Reached ****** piety under Makhleb
  1715 | D        | Reached skill level 17 in Maces & Flails
  1828 | D        | Noticed a lindwurm
  1833 | D        | Killed a lindwurm
  1866 | D        | Reached XP level 11. HP: 105/105 MP: 18/18
  1979 | D        | Noticed Sonja
  1985 | D        | Slain by Sonja

Skill      XL: |  1  2  3  4  5  6  7  8  9 10 11 |
---------------+----------------------------------+-----
Fighting       | 4 6 7 8 9 10 11 13 | 13.4
Maces & Flails | 4 7 9 11 13 14 15 17 | 17.8
Armour         | 4 6 7 8 9 10 12 13 | 13.4
Dodging        | 2 4 5 6 7 8 9 10 11 12 | 12.1
Invocations    | 5 7 9 11 | 11.8
Shields        | 4 |  4.8

Action                   |  1- 3 |  4- 6 |  7- 9 | 10-12 || total
-------------------------+-------+-------+-------+-------++-------
Melee: Flail             |    24 |    23 |    65 |   186 ||   298
       Headbutt          |     3 |     5 |    15 |    47 ||    70
  Use: Potion            |       |       |     1 |     1 ||     2
  Eat: Chunk             |       |       |       |     2 ||     2
       Royal jelly       |       |       |       |     1 ||     1
Armor: Scale mail        |     7 |       |       |       ||     7
       Ring mail         |       |     5 |    21 |    14 ||    40
       Chain mail        |       |       |       |    59 ||    59
Dodge: Dodged            |       |     3 |    19 |    63 ||    85
Block: Shield            |     9 |     9 |    24 |   105 ||   147
